 Dungeon Crawl Stone Soup version 0.18.1-50-g88ac8fd (webtiles) character file.

3273 Chiseanne the Schismatic (level 9, -1/72 HPs)
             Began as a Centaur Abyssal Knight on Oct 26, 2016.
             Was an Elder of Lugonu.
             Killed by a spatial distortion (2 damage)
             ... on level 8 of the Dungeon.
             The game lasted 00:41:35 (10233 turns).

Chiseanne the Schismatic (Centaur Abyssal Knight)  Turns: 10233, Time: 00:41:36

Health: -1/72      AC: 21    Str: 15    XL:     9   Next: 68%
Magic:  15/15      EV: -1    Int:  6    God:    Lugonu [****..]
Gold:   1086       SH: 10    Dex: 15    Spells: 0 memorised, 8 levels left

rFire  . . .     SeeInvis .     a - +4 hand axe
rCold  . . .     Gourm    .     i - +3 crystal plate armour
rNeg   + + .     Faith    .     j - +0 shield
rPois  +         Spirit   .     x - +1 helmet
rElec  .         Dismiss  .     E - +0 cloak
rCorr  .         Reflect  .     k - +0 pair of gloves
SustAt .         Harm     .     (no barding)
MR     .....                    (no amulet)
Stlth  ..........               (no ring)
                                r - ring of Jaigia {rPois rN++ Int-5 Dex+3}

@: very slightly contaminated, slowed, not resistant to hostile enchantments,
extremely unstealthy
A: hooves 3, deformed body, speed 2, tough skin 3
a: Depart the Abyss, Bend Space, Banish, Corrupt, Renounce Religion


You were on level 8 of the Dungeon.
You worshipped Lugonu.
Lugonu was greatly pleased with you.
You were not hungry.

You visited 1 branch of the dungeon, and saw 8 of its levels.
You visited the Abyss 1 time.
You also visited: Bailey.

You collected 1086 gold pieces.

Inventory:

Hand Weapons
 a - a +4 hand axe (weapon)
 e - a +4 hunting sling
 s - a +0 rapier of freezing
 w - a +0 blowgun
Missiles
 b - 96 stones (quivered)
 h - 39 tomahawks of returning
 p - 71 sling bullets
 q - 4 javelins
 u - 61 bolts
 F - 41 poisoned needles
 I - 2 silver javelins
Armour
 i - a +3 crystal plate armour (worn)
 j - a +0 shield (worn)
 k - a +0 pair of gloves (worn)
 x - a +1 helmet (worn)
 y - a +2 ring mail of positive energy
 E - a +0 cloak (worn)
Jewellery
 l - an uncursed ring of fire
 r - the ring of Jaigia (left hand) {rPois rN++ Int-5 Dex+3}
   (You took it off an orc in a bailey)

   [ring of poison resistance]

   It affects your intelligence (-5).
   It affects your dexterity (+3).
   It protects you from poison.
   It greatly protects you from negative energy.
Wands
 H - a wand of confusion (13/48)
 J - a wand of iceblast (9/15)
Scrolls
 o - 7 scrolls of teleportation
 v - 2 scrolls of remove curse
 z - a scroll of amnesia
 D - a scroll of blinking
 G - 2 scrolls of immolation
 L - a scroll of enchant armour
Potions
 d - a potion of cancellation
 f - a potion of ambrosia {unknown}
 g - a potion of mutation {unknown}
 n - 7 potions of flight
 t - a potion of beneficial mutation {unknown}
 A - a potion of brilliance
 K - 2 potions of lignification
 N - 2 potions of haste
Comestibles
 c - 4 bread rations
 m - 4 meat rations
 M - a beef jerky


   Skills:
 - Level 4.3 Fighting
 - Level 1.7 Axes
 * Level 6.0 Armour
 - Level 0.9 Dodging
 * Level 5.8 Shields
 * Level 8.5 Invocations


You had 8 spell levels left.
You didn't know any spells.

Dungeon Overview and Level Annotations

Branches:
Dungeon (8/15)             Temple (0/1) D:5
   Lair: D:8-11

Altars:
Ashenzari
Kikubaaqudgha
Makhleb
Ru
Sif Muna
Trog
Yredelemnul

Shops:
D:7 *   D:8 (

Annotations:
D:5 exclusion: downstairs
D:6 exclusion: oklob plant
D:8 Gastronok
Abyss:1 Prince Ribbit


Innate Abilities, Weirdness & Mutations

You have hooves in place of feet.
Armour fits poorly on your strangely shaped body.
You cover ground very quickly.
You have extremely tough skin (AC +3).


Message History

The killer bee stings you but does no damage. x2
You block the killer bee's attack. Gastronok bites you but does no damage.
You slash Gastronok!
Gastronok is almost dead.
You miss the killer bee. You block the killer bee's attack. x3
The killer bee stings you. Gastronok bites you!!
* * * LOW HITPOINT WARNING * * *
The killer bee stings you but does no damage.
You hit Gastronok.
Gastronok is almost dead.
You miss the killer bee.
The killer bee stings you but does no damage.
You block the killer bee's attack.
The killer bee stings you but does no damage.
Gastronok waves his eye-stalks in wide circles.
The air twists around and strikes you!
* * * LOW HITPOINT WARNING * * *
The killer bee stings you but does no damage.
Space bends around you!
You blink.
You die...

##########
#####........#
.......∩.....#
..##.........#
...........@.#####
.......<.........#
..###....§w..###...
#####y......) .
....##.... #..###
###. #.## #. #.


You could see Gastronok and a killer bee.

Vanquished Creatures
  Grinder (D:6)
  Sigmund (D:2)
  Eustachio (D:6)
  A hippogriff (D:7)
  A hungry ghost (D:7)
  A water moccasin (D:7)
  An orc warrior (Bailey)
  An ice beast (D:5)
  An eye of draining (D:4)
  2 phantoms (D:7)
  2 ogres
  A centaur (D:7)
  3 giant frogs
  A wyvern zombie (D:4)
  A scorpion (D:6)
  2 killer bees (D:7)
  A howler monkey (D:5)
  A crimson imp (D:6)
  A hound (D:4)
  3 orc wizards (D:5)
  Crazy Yiuf (D:6)
  5 orc priests
  An iguana (D:5)
  3 worker ants
  A hound zombie (D:7)
  2 worker ant zombies
  Robin (D:3)
  5 gnolls
  9 adders
  An ooze (D:3)
  An adder zombie (D:5)
  3 adder skeletons
  6 worms
  6 dart slugs
  9 giant geckos
  22 orcs
  5 giant cockroaches
  24 goblins
  10 hobgoblins
  9 jackals
  3 quokkas
  3 ball pythons
  9 bats
  2 giant cockroach zombies
  5 giant newts
  A jackal zombie (D:6)
  19 kobolds
  6 rats
199 creatures vanquished.

Vanquished Creatures (others)
  2 orc knights (Bailey)
  An ice beast (D:5)
  4 orc warriors
  A gnoll (Bailey)
  2 orcs (Bailey)
  A hobgoblin (Bailey)
  4 kobolds (Bailey)
15 creatures vanquished.

Grand Total: 214 creatures vanquished

Notes
Turn   | Place    | Note
--------------------------------------------------------------
     0 | Abyss:1  | Chiseanne the Centaur Abyssal Knight began the quest for the Orb.
     0 | Abyss:1  | Reached XP level 1. HP: 19/19 MP: 2/2
    64 | Abyss:1  | Noticed a kobold demonologist
   111 | Abyss:1  | Noticed a lich
   176 | Abyss:1  | Noticed a wretched star
   178 | D:1      | Escaped the Abyss
   419 | D:1      | Reached XP level 2. HP: 12/26 MP: 3/3
   662 | D:1      | Reached * piety under Lugonu
   845 | D:1      | Reached XP level 3. HP: 18/31 MP: 5/5
  1480 | D:1      | Reached ** piety under Lugonu
  1480 | D:1      | Reached skill level 3 in Invocations
  1586 | D:2      | Noticed Sigmund
  2007 | D:2      | Reached skill level 1 in Shields
  2007 | D:2      | Reached XP level 4. HP: 38/38 MP: 6/6
  2034 | D:2      | Killed Sigmund
  2034 | D:2      | Reached XP level 5. HP: 28/46 MP: 7/7
  2798 | D:2      | Reached XP level 6. HP: 52/52 MP: 8/8
  2992 | D:3      | Noticed Robin
  3020 | D:3      | Reached *** piety under Lugonu
  3037 | D:3      | Killed Robin
  4171 | D:4      | Reached skill level 4 in Invocations
  4273 | D:4      | Reached XP level 7. HP: 27/60 MP: 4/10
  5054 | D:4      | Reached **** piety under Lugonu
  5195 | D:5      | Entered Level 5 of the Dungeon
  5261 | D:5      | Noticed Prince Ribbit
  5269 | D:5      | Banished Prince Ribbit
  5269 | D:5      | Reached skill level 5 in Invocations
  5673 | D:5      | Found a shattered altar of Ashenzari.
  5673 | D:5      | Found a sacrificial altar of Ru.
  5868 | D:5      | Reached XP level 8. HP: 67/67 MP: 12/12
  6192 | D:5      | Found a staircase to the Ecumenical Temple.
  6244 | D:6      | Found a bloodstained altar of Trog.
  6244 | D:6      | Noticed an oklob plant
  6290 | D:6      | Noticed Eustachio
  6339 | D:6      | Killed Eustachio
  6574 | D:6      | Reached skill level 6 in Invocations
  7412 | D:6      | Noticed Grinder
  7417 | D:6      | Paralysed by Grinder for 2 turns
  7427 | D:6      | Paralysed by Grinder for 3 turns
  7443 | D:6      | Paralysed by Grinder for 7 turns
  7454 | D:6      | Paralysed by Grinder for 4 turns
  7472 | D:6      | Paralysed by Grinder for 7 turns
  7495 | D:6      | Paralysed by Grinder for 3 turns
  7499 | D:6      | Killed Grinder
  7661 | D:6      | Reached skill level 5 in Armour
  7661 | D:6      | Reached skill level 7 in Invocations
  7944 | D:6      | Noticed Crazy Yiuf
  7952 | D:6      | Killed Crazy Yiuf
  7986 | D:6      | Reached XP level 9. HP: 72/72 MP: 14/14
  8274 | D:7      | Found a deep blue altar of Sif Muna.
  8275 | D:7      | Found a burning altar of Makhleb.
  8275 | D:7      | Found an ancient bone altar of Kikubaaqudgha.
  8326 | D:7      | Found a flagged portal.
  8337 | D:7      | Reached skill level 5 in Shields
  8350 | Bailey   | Entered a bailey
  8356 | Bailey   | Noticed an orc knight
  8361 | Bailey   | Noticed an orc knight
  8576 | Bailey   | Corrupted Bailey
  8576 | Bailey   | Noticed a water nymph
  8576 | Bailey   | a glowing shapeshifter changed into a water nymph
  8576 | Bailey   | Noticed a thrashing horror
  8576 | Bailey   | Noticed a sixfirhy
  8576 | Bailey   | Noticed a large abomination
  8576 | Bailey   | Noticed a sixfirhy
  8576 | Bailey   | Noticed a rakshasa
  8576 | Bailey   | Noticed an ice devil
  8578 | Bailey   | Noticed a thrashing horror
  8582 | Bailey   | Killed an orc knight
  8588 | Bailey   | Killed an orc knight
  8602 | Bailey   | Noticed a starcursed mass
  8607 | Bailey   | Noticed a fire crab
  8609 | Bailey   | Noticed a guardian serpent
  8609 | Bailey   | a fire crab changed into a guardian serpent
  8612 | Bailey   | Noticed a smoke demon
  8953 | Bailey   | Got an ancient iron ring
  9201 | D:7      | Found Dozache's Elemental Accessories.
  9369 | D:7      | Reached skill level 8 in Invocations
  9585 | D:7      | Identified the ring of Jaigia {rPois rN++ Int-5 Dex+3} (You took it off an orc in a bailey)
  9879 | D:7      | Found a basalt altar of Yredelemnul.
 10096 | D:8      | Found Deklenik's Weapon Emporium.
 10097 | D:8      | Noticed Gastronok
 10232 | D:8      | HP: 1/72 [Gastronok/the air (17)]
 10233 | D:8      | Killed by a spatial distortion

Skill      XL: |  1  2  3  4  5  6  7  8  9 |
---------------+----------------------------+-----
Invocations    | 3 4 5 7 8 |  8.5
Shields        | 1 2 3 4 5 |  5.8
Fighting       | 4 |  4.3
Armour         | 2 3 4 5 6 |  6.0
Axes           | |  1.7
Dodging        | |  0.9

Action                   |  1- 3 |  4- 6 |  7- 9 || total
-------------------------+-------+-------+-------++-------
Melee: Hand axe          |   140 |   280 |   481 ||   901
       Kick              |    25 |    70 |   132 ||   227
 Fire: Blowgun           |       |       |    64 ||    64
       Hunting sling     |       |       |    82 ||    82
Throw: Throwing net      |       |       |     9 ||     9
Invok: Depart the Abyss  |     1 |       |       ||     1
       Banish            |       |       |     4 ||     4
       Bend Space        |       |       |     2 ||     2
       Corrupt           |       |       |     1 ||     1
Evoke: Wand              |       |       |     1 ||     1
  Use: Scroll            |     6 |     7 |    10 ||    23
       Potion            |       |     1 |     9 ||    10
 Stab: Held in net/web   |       |       |     4 ||     4
  Eat: Chunk             |     3 |     6 |    17 ||    26
       Beef jerky        |       |       |     1 ||     1
       Fruit             |       |       |     2 ||     2
       Bread ration      |       |       |     1 ||     1
       Pizza             |       |       |     1 ||     1
Armor: Leather armour    |     2 |       |       ||     2
       Ring mail         |    10 |       |       ||    10
       Crystal plate arm |    94 |   230 |   552 ||   876
Dodge: Dodged            |    17 |     4 |    19 ||    40
Block: Shield            |    44 |   104 |   329 ||   477
